Map: Ice and Chrome LE

Players

Probe

  • Race: Protoss Protoss
  • League: Master
  • Spawn Location: 1:00

Seither - Winner!

  • Race: Terran Terran
  • Spawn Location: 7:00

Event: DreamHack SC2 Masters 2020 Fall

VOD

Have the link to the VOD?

Description

Time

  • Played on: Aug. 30, 2020, 7:04 a.m.
  • Length: 11:53

All games in this series

Show
View Real Time Build Order
Export as new Build Order

Probe Protoss 

Build Orders: Oracle Opening 

Get SALT Encoding   

  12  0:00  Probe  
  13  0:12  Probe  
  14  0:17  Pylon  
  14  0:25  Probe (Chrono Boost)  
  15  0:37  Probe (Chrono Boost), Gateway  
  16  0:45  Probe (Chrono Boost)  
  16  0:46  Assimilator  
  17  0:51  Probe  
  18  1:03  Probe  
  19  1:15  Probe  
  20  1:21  Pylon, Assimilator  
  20  1:26  Zealot  
  20  1:29  Probe, Cybernetics Core  
  23  1:41  Probe  
  24  1:53  Probe  
  25  2:02  Stalker (Chrono Boost)  
  25  2:05  Probe, Warp Gate  
  28  2:08  Pylon  
  28  2:17  Probe  
  29  2:25  Stalker  
  29  2:29  Probe  
  32  2:37  Nexus  
  31  2:46  Probe  
  32  2:55  Pylon  
  32  2:57  Stalker  
  34  3:06  Stargate  
  34  3:08  Probe  
  33  3:18  Shield Battery  
  33  3:22  Shield Battery  
  32  3:30  Gateway  
  32  3:37  Gateway  
  32  3:45  Probe (Chrono Boost)  
  33  3:49  Probe (Chrono Boost)  
  35  3:56  Oracle (Chrono Boost)  
  35  3:57  Probe (Chrono Boost)  
  35  3:59  Probe (Chrono Boost)  
  35  4:02  Probe (Chrono Boost)  
  39  4:04  Probe (Chrono Boost)  
  39  4:09  Sentry  
  43  4:12  Probe  
  43  4:15  Probe  
  45  4:24  Probe  
  46  4:27  Probe  
  46  4:28  Oracle  
  50  4:36  Probe  
  51  4:39  Probe  
  51  4:43  Stalker  
  51  4:44  Twilight Council  
  52  4:48  Probe  
  52  4:51  Probe  
  50  5:00  Probe  
  50  5:03  Probe  
  50  5:07  Stalker x2  
  50  5:09  Assimilator  
  50  5:10  Assimilator  
  50  5:12  Probe  
  55  5:16  Probe  
  55  5:18  Pylon  
  56  5:24  Probe  
  56  5:25  Blink (Chrono Boost)  
  56  5:28  Probe  
  58  5:36  Probe  
  58  5:40  Probe  
  60  5:48  Probe  
  61  5:52  Probe  
  61  5:55  Stalker x3  
  68  6:01  Probe  
  68  6:04  Probe  
  69  6:13  Probe  
  69  6:16  Probe  
  70  6:20  Nexus  
  70  6:22  Pylon  
  70  6:28  Pylon  
  70  6:29  Pylon  
  70  6:31  Pylon  
  70  6:39  Robotics Facility  
  70  6:40  Probe x2  
  70  6:45  Pylon  
  72  6:52  Probe, Gateway  
  72  6:54  Gateway x2  
  73  6:56  Sentry  
  73  6:57  Sentry  
  73  6:59  Charge (Chrono Boost)  
  79  7:11  Shield Battery  
  79  7:12  Shield Battery  
  79  7:15  Stalker  
  79  7:22  Stalker  
  79  7:23  Stalker  
  79  7:28  Probe  
  84  7:33  Immortal (Chrono Boost)  
  88  7:37  Shield Battery  
  88  7:39  Shield Battery  
  88  7:41  Zealot  
  90  7:50  Zealot x5  
  98  8:05  Immortal, Pylon  
  102  8:12  Zealot x5  
  92  8:27  Zealot  
  92  8:29  Probe  
  72  8:35  Zealot x5  
  78  8:48  Immortal (Chrono Boost)  
  68  8:50  Sentry  
  74  8:58  Sentry x2, Zealot  
  74  8:59  Zealot x2  
  84  9:22  Observer (Chrono Boost)  
  84  9:23  Templar Archives  
  85  9:24  Sentry, Nexus  
  85  9:25  Sentry, Zealot  
  85  9:29  Pylon  
  91  9:35  Observer (Chrono Boost)  
  91  9:36  Robotics Bay  
  92  9:42  Probe  
  92  9:43  Probe  
  94  9:53  Shield Battery, Zealot, Observer (Chrono Boost)  
  94  9:54  Zealot x2  
  94  9:55  Shield Battery  
  102  10:00  Probe  
  102  10:17  Robotics Facility  
  102  10:26  Disruptor  
  102  10:27  Zealot x4  
  102  10:28  Zealot  
  115  10:29  Zealot  
  117  10:37  Pylon  
  117  10:45  Forge  
  117  10:52  Nexus  
  117  11:01  Disruptor  
  117  11:03  Disruptor  
  113  11:07  Zealot x4  
  113  11:11  Stalker  
  113  11:13  Probe  
  72  11:26  Zealot  
  72  11:28  Sentry x3  
  70  11:36  Zealot  
Show
View Real Time Build Order
Export as new Build Order

Seither Terran - Winner!

Build Orders:  

Get SALT Encoding   

  12  0:00  SCV  
  13  0:12  SCV  
  14  0:17  Supply Depot  
  14  0:24  SCV  
  15  0:39  SCV  
  15  0:40  Barracks  
  16  0:45  Refinery  
  16  0:51  SCV  
  16  0:56  Refinery  
  17  1:03  SCV  
  18  1:15  SCV  
  19  1:27  Reaper, Orbital Command  
  20  1:47  Supply Depot  
  20  1:51  Factory  
  20  1:53  SCV  
  21  2:01  Reaper  
  22  2:05  SCV  
  23  2:18  SCV  
  24  2:23  Command Center  
  24  2:30  SCV  
  24  2:34  Hellion  
  27  2:41  Starport  
  27  2:46  SCV  
  28  2:52  Supply Depot  
  28  2:58  Widow Mine  
  30  3:00  Barracks Reactor  
  30  3:03  SCV  
  31  3:15  SCV  
  31  3:18  Medivac  
  31  3:19  Widow Mine  
  36  3:27  SCV  
  37  3:36  Orbital Command  
  37  3:37  Marine  
  37  3:38  Marine  
  37  3:39  SCV  
  40  3:45  Factory Tech Lab  
  38  3:51  SCV  
  38  3:53  Orbital Command  
  38  3:58  Marine x2  
  38  3:59  Barracks  
  38  4:01  Barracks  
  40  4:07  Cyclone  
  40  4:09  Starport Tech Lab  
  43  4:10  SCV  
  43  4:16  Marine x2  
  46  4:20  SCV  
  47  4:25  Engineering Bay  
  47  4:28  Supply Depot  
  47  4:31  SCV  
  47  4:33  SCV  
  47  4:46  SCV x2  
  47  4:47  Marine x2  
  47  4:49  Siege Tank  
  54  4:55  Terran Infantry Weapons Level 1  
  54  5:06  SCV  
  54  5:07  SCV  
  56  5:08  Starport Reactor, Marine x2, Barracks Tech Lab  
  56  5:11  Refinery  
  55  5:15  Supply Depot  
  55  5:18  SCV  
  55  5:19  SCV  
  54  5:22  Siege Tank  
  54  5:26  Supply Depot  
  54  5:27  Marauder  
  54  5:28  Stimpack, Marine x2  
  61  5:31  SCV  
  62  5:36  SCV  
  62  5:37  Marauder  
  62  5:40  Combat Shield  
  60  5:43  SCV  
  60  5:49  SCV  
  58  5:53  Marine  
  58  5:54  Marine  
  58  5:55  SCV  
  58  6:01  SCV  
  58  6:02  Marauder x2  
  63  6:07  Siege Tank  
  63  6:09  SCV  
  65  6:13  SCV  
  65  6:18  Supply Depot  
  64  6:20  Marine x2  
  64  6:21  SCV  
  64  6:22  Medivac  
  64  6:25  SCV  
  70  6:26  Marauder x2  
  70  6:30  Supply Depot  
  70  6:31  Refinery  
  74  6:33  SCV  
  74  6:37  SCV  
  76  6:41  Supply Depot, Marine x2  
  76  6:45  SCV  
  79  6:49  SCV  
  79  6:52  Marauder x2, Siege Tank  
  87  6:57  Terran Infantry Armor Level 1  
  87  6:59  SCV  
  88  7:01  SCV  
  88  7:02  Marine x2  
  90  7:08  Concussive Shells  
  90  7:12  SCV  
  90  7:13  SCV  
  90  7:15  Marauder x2  
  96  7:21  Supply Depot  
  96  7:22  Marine x2  
  98  7:25  Siege Tank  
  96  7:33  SCV x2  
  96  7:36  Marine x2  
  93  7:48  Marine x2  
  93  7:50  SCV  
  90  7:54  Marauder x2  
  90  7:57  Medivac  
  95  8:02  SCV  
  95  8:03  SCV  
  97  8:07  Marine x2  
  99  8:14  SCV  
  99  8:15  SCV  
  99  8:16  Marauder x2  
  105  8:25  Marine x2  
  90  8:33  SCV x2  
  87  8:37  Marauder x2  
  87  8:39  Medivac x2  
  91  8:43  Marine x2  
  91  8:45  SCV x2  
  87  8:49  Siege Tank  
  90  8:57  SCV x2  
  90  8:58  Marauder  
  90  8:59  Marauder  
  93  9:13  Marine  
  93  9:14  Marine  
  83  9:17  Command Center  
  83  9:20  Marauder x2  
  83  9:21  Siege Tank  
  83  9:23  Liberator  
  93  9:26  Liberator  
  96  9:33  Marine x2  
  96  9:36  SCV x2  
  96  9:37  Barracks  
  100  9:38  Barracks  
  100  9:40  Supply Depot  
  98  9:49  Marine x2  
  98  9:52  SCV x2  
  102  9:57  Supply Depot, Siege Tank  
  105  10:04  Marine x2  
  107  10:07  Marauder x2  
  107  10:08  Supply Depot  
  111  10:20  Medivac  
  111  10:21  Medivac  
  115  10:22  Marine x2  
  115  10:26  Barracks Reactor, Barracks Tech Lab  
  118  10:28  SCV x2, Marauder  
  118  10:29  Marauder  
  123  10:36  Ghost Academy  
  123  10:47  SCV x2  
  123  10:49  Marauder, Marine x3  
  130  10:50  Siege Tank  
  130  10:55  Orbital Command  
  133  10:59  SCV x2  
  131  11:05  Marauder, Marine x2  
  131  11:08  Marauder  
  131  11:11  Marauder  
  124  11:19  Marine x2  
  126  11:26  Marauder  
  126  11:28  Marine  
  126  11:29  Marauder  
  126  11:32  Marauder  

Tags
 
Add a new tag
Caveats
  • Supply blocks, unpowered buildings, or Contaminate may cause inaccurate times.
  • Supply counts are checked every 10 seconds.